 Dungeon Crawl Stone Soup version 0.30-a0-354-g6b83867211 (webtiles) character file.

Game seed: 2009322461821347272

55 Muataran the Slasher (level 3, -2/33 HPs)
             Began as an Armataur Monk on Nov 7, 2022.
             Slain by a scorpion (3 damage)
             ... on level 3 of the Dungeon.
             The game lasted 00:02:47 (1080 turns).

Muataran the Slasher (Armataur Monk)                Turns: 1080, Time: 00:02:47

Health: -2/33      AC:  5    Str: 18    XL:     3   Next: 67%
Magic:  3/3        EV:  9    Int: 10    God:
Gold:   118        SH:  0    Dex: 12    Spells: 2/2 levels left

rFire   . . .      SeeInvis .    a - +0 falchion
rCold   . . .      Faith    .    (no shield)
rNeg    . . .      Spirit   .    e - +0 ring mail
rPois   .          Reflect  .    (no helmet)
rElec   .          Harm     .    (no cloak)
rCorr   .          Roll     +    (no gloves)
Will    .....                    (no barding)
Stlth   +.........               (no amulet)
HPRegen 0.25/turn                (no ring)
MPRegen 0.08/turn                (no ring)

@: lethally poisoned (-2 -> -12)
A: large, rugged brown scales 3, deformed body, armoured tail, roll, long
tongue, awkward tongue
a: no special abilities


You were on level 3 of the Dungeon.
You visited 1 branch of the dungeon, and saw 3 of its levels.

You collected 118 gold pieces.

Inventory:

Hand Weapons
 a - a +0 falchion (weapon)
Missiles
 f - 3 javelins (quivered)
Armour
 b - a +0 robe
 e - a +0 ring mail (worn)
Scrolls
 c - a scroll of immolation {unknown}
 d - a scroll of identify


   Skills:
 + Level 3.1 Fighting
 * Level 3.6 Long Blades
 + Level 1.7 Armour
 - Level 2.1 Dodging
 - Level 2.1 Stealth


You had 2 spell levels left.
You didn't know any spells.
Your spell library was empty.

Dungeon Overview and Level Annotations

Branches:
Dungeon (3/15)

Altars:


Innate Abilities, Weirdness & Mutations

You are completely covered in rugged brown scales. (AC +3, +7% HP)
Armour fits poorly on your strangely shaped body.
You have a long armoured tail.
You roll when moving toward enemies. (Rampage)
Your long tongue fully drains potion bottles. (2x potion effects)
Your tongue gives you trouble enunciating. (1.5x scroll delay)


Message History

You hit the scorpion but do no damage.
The scorpion is lightly wounded.
You feel sick.
The scorpion stings you but does no damage.
You closely miss the scorpion.
You feel sick.
The scorpion stings you but does no damage.
You closely miss the scorpion. You tail-slap the scorpion!
The scorpion is heavily wounded.
You feel sick. The scorpion stings you. x2
* * * LOW HITPOINT WARNING * * *
You are lethally poisoned!
The scorpion poisons you!
You slurp down every last drop of the orange potion!
It was a potion of heal wounds.
You feel much better.
You feel very sick. The scorpion barely misses you.
You closely miss the scorpion.
The scorpion is heavily wounded.
You feel sick. The scorpion stings you!
You barely miss the scorpion.
The scorpion is heavily wounded.
You feel very sick.
The scorpion stings you but does no damage.
You hit the scorpion.
The scorpion is heavily wounded.
You feel sick. The scorpion stings you!
You are lethally poisoned!
The scorpion poisons you!
The scorpion stings you but does no damage.
You hit the scorpion but do no damage.
The scorpion is heavily wounded.
* * * LOW HITPOINT WARNING * * *
You feel very sick. The scorpion closely misses you.
You barely miss the scorpion.
The scorpion is heavily wounded.
* * * LOW HITPOINT WARNING * * *
You feel very sick. The scorpion stings you.
You die...

#########
#..s@...#
#.#####.# #.#
#.#####
#.##.....#
#.######.#
#.######.#
#.#......#
#####.#.####.#


You could see a scorpion.

Vanquished Creatures
  An adder (D:2)
  4 dart slugs
  5 endoplasms
  A giant cockroach (D:1)
  5 goblins (D:1)
  3 hobgoblins
  4 jackals (D:1)
  A kobold (D:1)
  A quokka (D:3)
  2 ball pythons (D:1)
  A bat (D:2)
  3 frilled lizards (D:1)
  4 rats (D:1)
35 creatures vanquished.

Notes
Turn   | Place    | Note
-------+----------+-------------------------------------------
     0 | D:1      | Muataran the Armataur Monk began the quest for the Orb.
     0 | D:1      | Reached XP level 1. HP: 19/19 MP: 1/1
    86 | D:1      | Reached XP level 2. HP: 3/26 MP: 2/2
    98 | D:1      | Reached skill level 1 in Armour
   191 | D:1      | HP: 1/27 [poisoned by a goblin]
   396 | D:1      | Reached XP level 3. HP: 32/33 MP: 3/3
  1063 | D:3      | Noticed a scorpion
  1080 | D:3      | HP: 1/33 [poisoned by a scorpion]
  1080 | D:3      | Slain by a scorpion

Illustrated notes

Levels and vault maps discovered:
D:1:      pf_arrival_petrified_forest, layout_rooms
D:2:      layout_rooms
D:3:      layout_basic, uniq_crazy_yiuf_cottage

Skill      XL: |  1  2 |
---------------+-------+-----
Long Blades    | 3 |  3.6
Armour         | 1 |  1.7
Fighting       | 3 |  3.1
Dodging        | |  2.1
Stealth        | |  2.1

Action                   || total
-------------------------++-------
Melee: Falchion          ||    97
       Tailslap          ||     7
       Punch             ||     1
  Use: Potion            ||     2
       Scroll            ||     2
 Stab: Sleeping          ||     5
Armor: Robe              ||    29
       Ring mail         ||    10
Dodge: Dodged            ||    51

Table legend: (Time is in decaauts)
 A = Elapsed time spent in this place.
 B = Non-inter-level travel time spent in this place.
 C = Inter-level travel time spent in this place.
 D = Time resting spent in this place.
 E = Time spent auto-exploring this place.
 F = Levels seen in this place.
 G = Mean time per level.
                   A        B        C        D        E       F      G
               +--------+--------+--------+--------+--------+-----+--------+
         Total |   1094 |   1055 |     39 |      0 |    767 |   3 |  364.7 |
       Dungeon |   1094 |   1055 |     39 |      0 |    767 |   3 |  364.7 |
               +--------+--------+--------+--------+--------+-----+--------+

Top non-repeatable levels by time:
     D:1: 660 daAuts
     D:3: 357 daAuts
     D:2: 77 daAuts
